[Event "Sabato rapido!"]
[Site "Chess.com"]
[Date "2020.06.13"]
[Round "1"]
[White "SanSecondoPR"]
[Black "mr6701"]
[Result "0-1"]
[WhiteElo "1359"]
[BlackElo "1842"]
[TimeControl "720+3"]
[EndTime "6:10:50 PDT"]
[Termination "mr6701 ha vinto per scaccomatto"]

1. e4 d5 2. Nf3 dxe4 3. Ng5 Bf5 4. g4 Bg6 5. Nc3 Nf6 6. Bg2 Qd4 7. O-O h6 8. Nh3 e5 9. Nb5 Qd7 10. c4 Bc5 11. Kh1 a6 12. Nc3 Qxg4 13. f3 exf3 14. Bxf3 Qxh3 15. Bxb7 Ra7 16. Bg2 Qh4 17. Qa4+ Nbd7 18. b4 Bd4 19. Rb1 Ng4 20. h3 Nf2+ 21.
Rxf2 Qxf2 22. Ba3 Bxb1 23. Ne4 Qg1# 0-1

[Event "Sabato rapido!"]
[Site "Chess.com"]
[Date "2020.06.13"]
[Round "1"]
[White "lucatarozzi"]
[Black "sergiodone"]
[Result "1/2-1/2"]
[WhiteElo "1303"]
[BlackElo "1529"]
[TimeControl "720+3"]
[EndTime "6:20:24 PDT"]
[Termination "Patta d'accordo"]

1. d4 Nf6 2. Nf3 c5 3. c3 b6 4.
Bf4 Bb7 5. Nbd2 d6 6. e3 Nbd7 7.
Be2 g6 8. O-O Bg7 9. Bg5 O-O 10.
Re1 h6 11. Bh4 Kh7 12. Bd3 Kh8 13. e4 Rc8 14. e5 dxe5 15. dxe5 Nh5 16. Bc4 Nf4 17. Qb3 g5 18. Bg3 e6 19. Bxf4 gxf4 20.
Bb5 Qc7 21. Bxd7 Qxd7 22. Rad1 Qc6 23. Qc4 b5 24. Qxf4 Qc7 25. h3 Rcd8 26. Qh4 Rd3 27. Ne4 Rxd1 28. Rxd1 Bxe4 29. Qxe4 Rd8 30. Rxd8+ Qxd8 31.
Kh2 Qd5 32. Qf4 Kg8 33. a3 a5 34. g3 Qc4 35. Qxc4 bxc4 36. Kg2 Kf8 37. Kf1 Ke7 38.
Ke2 Kd7 39. Ke3 Kc6 40. Ke4 Kb5 41. Nd2 a4 42. f4 Bf8 43. h4 Be7 44. Kf3 f5 45. h5 Bd8 46. g4 Bh4 47. gxf5 exf5 48. Ke2 Be7 49. Nf3 Kc6 50. Ke3 Kd5 51. Nd2 Bd8 52. Nf3 Be7 53. Nd2 Bd8 54. e6 Be7 55.
Kf3 Bd8 56. Ke3 Be7 57. Kf3 Bd8 1/2-1/2

[Event "Sabato rapido!"]
[Site "Chess.com"]
[Date "2020.06.13"]
[Round "1"]
[White "crippo"]
[Black "malberici"]
[Result "0-1"]
[WhiteElo "1548"]
[BlackElo "1365"]
[TimeControl "720+3"]
[EndTime "6:20:38 PDT"]
[Termination "malberici ha vinto per abbandono"]

1. e4 Nf6 2. Nc3 e5 3. d3 Bc5 4. Be2 h6 5. Nf3 d6 6. O-O O-O 7. Be3 b6 8. Bxc5 bxc5 9. Nd2 Nc6 10. Nb3 Nd4 11. f4 Nxe2+ 12. Qxe2 Bg4 13. Qe3 exf4 14.
Qxf4 c6 15. Qg3 Bh5 16. Rf2 Bg6 17. Raf1 Qb6 18. Kh1 Rad8 19. Rxf6 gxf6 20. Rxf6 Qc7 21. h4 h5 22. Ne2 Qe7 23. Rf3 Kh7 24. Nf4 Rg8 25.
Nh3 Bxe4 26. Ng5+ Rxg5 27. hxg5 Bxf3 28. gxf3 Rg8 29. f4 f6 30. Qh4 Qf7 31. Nd2 fxg5 32. fxg5 Qd5+ 33. Ne4 Kg6 34. Qf4 Qe5 35. Qf3 Re8 36.
c4 d5 37. cxd5 cxd5 38. Nxc5 Qxg5 39. Qf2 Re5 40. d4 Rf5 41. Qe1 Qf6 42. Qe8+ Kh6 43.
Qe3+ Kh7 44. Qd3 Qh4+ 45. Kg2 Qf2+ 46. Kh1 Qf1+ 47. Qxf1 Rxf1+ 48. Kg2 Rb1 49. Na4 Kg6 50. Kf3 Kf5 51. b3 Ra1 52. Nc3 Rf1+ 53. Kg2 Rf4 54.
Nxd5 Rxd4 55. Ne3+ Ke4 56. Nc4 Rd7 57. Kh3 Kd4 58.
Kh4 Rh7 59. Nd6 Kc3 60. Nb5+ Kb2 61. Nd4 Kxa2 62. b4 Ka3 63. b5 Kb4 64. Kg5 Kc4 65. Nf5 Kxb5 66. Kg6 Rh8 67. Kg7 Rb8 68. Kg6 Rc8 69.
Nd6+ Kc6 70. Nxc8 h4 71. Ne7+ Kc5 72. Nf5 h3 73. Ng3 a5 74. Kf5 a4 75. Ke4 a3 76.
Kd3 a2 77. Kc2 a1=Q 78. Kb3 Qd1+ 0-1

[Event "Sabato rapido!"]
[Site "Chess.com"]
[Date "2020.06.13"]
[Round "1"]
[White "Mrtre7"]
[Black "fausto2p"]
[Result "1-0"]
[WhiteElo "1463"]
[BlackElo "1245"]
[TimeControl "720+3"]
[EndTime "6:25:53 PDT"]
[Termination "Mrtre7 ha vinto per tempo"]

1. d4 d5 2. c4 c6 3. Nf3 Nf6 4.
e3 e6 5. Bd3 dxc4 6. Bxc4 b5 7. Bd3 Nbd7 8. Nc3 Bb4 9. O-O Bxc3 10. bxc3 O-O 11. e4 Qc7 12. Qc2 e5 13. dxe5 Nxe5 14.
Bf4 Nfd7 15. Nxe5 Nxe5 16. Bg3 Qe7 17. Be2 Bb7 18. Rad1 Rad8 19. f4 Nc4 20. Bf2 Rxd1 21. Rxd1 Rd8 22. Rxd8+ Qxd8 23. Qd3 Qxd3 24. Bxd3 a5 25.
Bd4 Nb2 26. Bc2 f6 27. Kf2 Nc4 28. e5 fxe5 29. fxe5 Kf7 30. Bxh7 Ke6 31. Be4 Nxe5 32. h3 Kf6 33. Ke3 Ke6 34. Kf4 c5 35. Bxe5 Bxe4 36. Kxe4 g6 37. Bc7 1-0

[Event "Sabato rapido!"]
[Site "Chess.com"]
[Date "2020.06.13"]
[Round "2"]
[White "SanSecondoPR"]
[Black "crippo"]
[Result "0-1"]
[WhiteElo "1355"]
[BlackElo "1552"]
[TimeControl "720+3"]
[EndTime "6:31:37 PDT"]
[Termination "crippo ha vinto per abbandono"]

1. e4 e5 2. d4 Nc6 3. d5 Nce7 4.
Bg5 f6 5. Be3 Ng6 6. Be2 d6 7.
Nc3 N8e7 8. Bh5 f5 9. f3 f4 10. Bf2 Ng8 11. Nge2 Nf6 12. Bh4 Be7 13. g3 Nxh5 14.
Rg1 O-O 15. Qd2 Bxh4 16. gxh4 Qxh4+ 17. Kd1 Qxh2 18. Nb5 Ng3 19. Re1 c6 20. dxc6 bxc6 21. Nc7 Ba6 22. Nxa6 Qf2 23. Qxd6 Rad8 0-1

[Event "Sabato rapido!"]
[Site "Chess.com"]
[Date "2020.06.13"]
[Round "2"]
[White "APipitone"]
[Black "lucatarozzi"]
[Result "1-0"]
[WhiteElo "1670"]
[BlackElo "1296"]
[TimeControl "720+3"]
[EndTime "6:38:47 PDT"]
[Termination "APipitone ha vinto per abbandono"]

1. e4 d6 2. d4 Nf6 3. Nc3 g6 4. f4 Bg7 5. Nf3 O-O 6. Be2 b6 7. O-O Bb7 8. Re1 Nxe4 9. Nxe4 Bxe4 10. c3 Bb7 11. Be3 Nd7 12. h4 h5 13. d5 Nc5 14.
Ng5 c6 15. Bf3 cxd5 16. Bxd5 Bxd5 17. Qxd5 Qd7 18. Bd4 e6 19. Qf3 Rae8 20. Rad1 e5 21.
fxe5 Bxe5 22. Bxe5 Rxe5 23. Rxe5 f6 24. Qd5+ Kg7 25. Ne6+ Nxe6 26. Rxe6 Re8 27. Rxe8 Qxe8 28. Qxd6 Qe3+ 29. Kh1 Qg3 30. Qxg3 1-0

[Event "Sabato rapido!"]
[Site "Chess.com"]
[Date "2020.06.13"]
[Round "2"]
[White "sergiodone"]
[Black "Mrtre7"]
[Result "0-1"]
[WhiteElo "1520"]
[BlackElo "1472"]
[TimeControl "720+3"]
[EndTime "6:50:56 PDT"]
[Termination "Mrtre7 ha vinto per abbandono"]

1. e4 c5 2. Nf3 g6 3. c3 d5 4. exd5 Qxd5 5. d4 Nc6 6. Be2 Bg7 7. c4 Qe4 8. d5 Nd4 9. Nxd4 Qxg2 10. Bf3 Qh3 11.
Ne2 Qxf3 12. Rg1 Nf6 13. Nbc3 Bf5 14. Be3 O-O 15. Qd2 Ng4 16. Bxc5 Rfc8 17. Be3 Rxc4 18.
Rc1 Rac8 19. h4 Ne5 20. Nf4 Qxf4 21. Bxf4 Nf3+ 22. Ke2 Nxd2 23. Kxd2 Rxf4 24. Ke3 Bh6 25. Ke2 Rxh4 26. Ra1 Rg4 27. f3 Rh4 28. Rh1 Rxh1 29.
Rxh1 Bg7 30. Rc1 Bh6 31. Rh1 Bf4 32. a4 Be5 33. Kd2 Rc4 34. Re1 Bxc3+ 35. bxc3 Rxa4 36. Rxe7 Ra2+ 37. Ke3 Rc2 38. Kd4 Rd2+ 39. Kc5 Rf2 40. Rxb7 Rxf3 41. c4 Rc3 42. Rxa7 Bd3 43. Ra4 h5 44. d6 Bf5 45. Kc6 Rd3 46. c5 g5 47.
Ra1 h4 48. Rg1 g4 49. Kc7 h3 50. c6 h2 51. Rg2 h1=Q 52. Rf2 Be6 53. Rf6 Rc3 54. d7 Qxc6+ 0-1

[Event "Sabato rapido!"]
[Site "Chess.com"]
[Date "2020.06.13"]
[Round "2"]
[White "mr6701"]
[Black "malberici"]
[Result "1-0"]
[WhiteElo "1844"]
[BlackElo "1364"]
[TimeControl "720+3"]
[EndTime "6:52:23 PDT"]
[Termination "mr6701 ha vinto per abbandono"]

1. e4 Nf6 2. e5 Nd5 3. d4 d6 4.
Nf3 Bg4 5. Be2 e6 6. O-O c6 7. b3 dxe5 8. dxe5 Nd7 9. c4 N5b6 10. Bb2 Be7 11. Qc2 O-O 12. Rd1 Qc7 13. Qe4 Bf5 14. Qf4 Rad8 15. Nc3 f6 16. Qg3 Nxe5 17.
Nxe5 Qxe5 18. Qxe5 Rxd1+ 19. Rxd1 fxe5 20. Bf3 Bc5 21. Ne4 Bxe4 22. Bxe4 Bxf2+ 23. Kh1 Bd4 24. Ba3 Rf4 25. Bb1 Nd7 26. Bc1 Rf2 27. h3 Nf6 28. a4 c5 29. Kh2 e4 30. Re1 Bc3 31. Re3 Be5+ 32. Kg1 Rf4 33. g3 Rf3 34. Rxf3 exf3 35.
Kf2 Bd4+ 36. Kxf3 e5 37. g4 h6 38. Bd2 b6 39. a5 Nd7 40. Bf5 Nb8 41. Ke4 Na6 42. g5 hxg5 43. Bxg5 Bc3 44. axb6 axb6 45. Bd8 Ba5 46. Kxe5 Nb4 47. Kd6 Na2 48. Kc6 Nc1 49.
Bc2 Ne2 50. Kb7 Nd4 51. Bd1 Nf5 52. Bxb6 Nd6+ 53. Ka6 Bb4 54. Bc7 Ne4 55. Bf4 Nf2 56.
Bg4 Nd3 57. Be3 Bc3 58. Kb5 Bd4 59. Bxd4 cxd4 60. c5 Nf2 61. Kc4 d3 62. Kc3 d2 63.
Kxd2 Ne4+ 64. Kd3 Nxc5+ 65. Kc4 Ne4 66. b4 Kf7 67. b5 Kf6 68. b6 Kg5 69. Kd5 Nf6+ 70.
Kc6 Nxg4 71. hxg4 Kxg4 72. b7 g5 73. b8=Q Kf3 74. Qf8+ Kg3 75. Qf1 g4 76. Qg1+ Kf3 77. Kd5 g3 78. Ke5 g2 79. Kf5 Kg3 80. Ke4 Kh3 81. Kf3 1-0

[Event "Sabato rapido!"]
[Site "Chess.com"]
[Date "2020.06.13"]
[Round "3"]
[White "crippo"]
[Black "lucatarozzi"]
[Result "1-0"]
[WhiteElo "1555"]
[BlackElo "1284"]
[TimeControl "720+3"]
[EndTime "6:57:10 PDT"]
[Termination "crippo ha vinto per scaccomatto"]

1. e4 d6 2. d4 Nf6 3. Nc3 g6 4.
Bd3 Bg7 5. Nge2 O-O 6. O-O Nbd7 7.
Bg5 c5 8. d5 Ne5 9. Ng3 Nxd3 10. cxd3 Qa5 11. f4 Ng4 12. Qd2 b5 13. h3 b4 14. Nce2 Nh6 15. f5 Qb6 16. Bxh6 c4+ 17. d4 c3 18. bxc3 bxc3 19. Qxc3 Ba6 20. Bxg7 Kxg7 21.
fxg6 fxg6 22. Kh2 Rxf1 23. Rxf1 Rc8 24. Qf3 Bxe2 25. Nxe2 Qd8 26. Qf7+ Kh6 27. Nf4 Rc4 28. Ne6 Qh8 29. Qf4+ Kh5 30. Qg5# 1-0

[Event "Sabato rapido!"]
[Site "Chess.com"]
[Date "2020.06.13"]
[Round "3"]
[White "malberici"]
[Black "APipitone"]
[Result "0-1"]
[WhiteElo "1362"]
[BlackElo "1672"]
[TimeControl "720+3"]
[EndTime "7:07:06 PDT"]
[Termination "APipitone ha vinto per abbandono"]

1. d4 Nf6 2. c4 c5 3. Nc3 cxd4 4. Qxd4 Nc6 5. Qd1 d6 6. Nf3 e5 7. g3 Be6 8. b3 d5 9. cxd5 Nxd5 10. Bg2 Nxc3 11. Qc2 Bb4 12. O-O e4 13. Ng5 O-O 14.
Nxe6 fxe6 15. a3 Ba5 16. b4 Qf6 17. bxa5 Nxe2+ 18. Qxe2 Qxa1 19. Qxe4 Qf6 20. Qe2 Nxa5 21. Bb2 Qf7 22. Qe5 Nc6 23. Qc3 Rac8 24. Qb3 Rfd8 25.
Bh3 Re8 26. Re1 Na5 27. Qb5 b6 28. Qg5 Rc2 29. Be5 Qxf2+ 0-1

[Event "Sabato rapido!"]
[Site "Chess.com"]
[Date "2020.06.13"]
[Round "3"]
[White "fausto2p"]
[Black "sergiodone"]
[Result "0-1"]
[WhiteElo "1242"]
[BlackElo "1523"]
[TimeControl "720+3"]
[EndTime "7:13:06 PDT"]
[Termination "sergiodone ha vinto per abbandono"]

1. d4 Nf6 2. c4 c5 3. d5 b5 4. cxb5 a6 5. Nc3 axb5 6. Be3 d6 7. Bd2 b4 8. Nb1 Nbd7 9. Nf3 g6 10. e3 Bg7 11.
Bd3 O-O 12. a3 bxa3 13. Rxa3 Rxa3 14. bxa3 Qb6 15. O-O Ba6 16. Bc3 Ra8 17. Qe2 Bxd3 18.
Qxd3 Qb7 19. e4 h6 20. Nfd2 h5 21. h3 Nb6 22. Nc4 Qa6 23. Nbd2 Nxc4 24. Nxc4 Rb8 25. f3 Rb3 26. Rd1 Nd7 27. e5 dxe5 28. Nxe5 Qxd3 29.
Rxd3 Bxe5 30. a4 Rxc3 31. Rd1 Bd6 32. a5 Ra3 33. g4 hxg4 34. hxg4 Rxa5 0-1

[Event "Sabato rapido!"]
[Site "Chess.com"]
[Date "2020.06.13"]
[Round "3"]
[White "Mrtre7"]
[Black "mr6701"]
[Result "0-1"]
[WhiteElo "1470"]
[BlackElo "1848"]
[TimeControl "720+3"]
[EndTime "7:13:42 PDT"]
[Termination "mr6701 ha vinto per abbandono"]

1. d4 d5 2. c4 e6 3. Nc3 Nf6 4. Bg5 Be7 5. e3 h6 6. Bh4 O-O 7. cxd5 exd5 8. Bd3 c5 9. dxc5 Bxc5 10. Bxf6 Qxf6 11.
Qc2 Qg5 12. O-O-O Be6 13. Nxd5 Na6 14. Nf3 Qxg2 15. Be4 Bxd5 16. Bxd5 Bxe3+ 17. Kb1 Nb4 18. Qe4 Nxd5 19. fxe3 Nf6 20. Qf4 Qg6+ 21. Ka1 Qe4 22. Qg3 Rad8 23. Rdg1 g6 24. h4 Nh5 25. Qf2 Rfe8 26. Re1 Rd3 27. Rhf1 Rxe3 28. Rxe3 Qxe3 29. Qc2 Qe2 30. Qc1 Qe3 31. Qd1 Qe2 32. Qc1 Rd8 33. Ng1 Qd2 34. Qb1 Ng3 35. Nf3 Qd3 36. Ne5 Qxf1 37.
Qxf1 Nxf1 0-1

[Event "Sabato rapido!"]
[Site "Chess.com"]
[Date "2020.06.13"]
[Round "4"]
[White "Mrtre7"]
[Black "crippo"]
[Result "1-0"]
[WhiteElo "1480"]
[BlackElo "1545"]
[TimeControl "720+3"]
[EndTime "7:19:59 PDT"]
[Termination "Mrtre7 ha vinto per ritiro dell'avversario"]

1. d4 d5 2. c4 c6 3. Nf3 Nf6 4.
e3 e6 5. Bd3 Ne4 6. O-O f5 7.
cxd5 cxd5 8. Nbd2 Bd6 9. Ne5 O-O 10. Ndf3 Nc6 11. Bd2 Bxe5 12. Nxe5 Nxe5 13. dxe5 Bd7 14. Rc1 Bc6 15. Bb4 Rf7 16. Bxe4 fxe4 17. Qg4 Qe7 18. Bxe7 Rxf2 19. Rxf2 Rf8 20. Qxe6+ 1-0

[Event "Sabato rapido!"]
[Site "Chess.com"]
[Date "2020.06.13"]
[Round "4"]
[White "fausto2p"]
[Black "SanSecondoPR"]
[Result "1-0"]
[WhiteElo "1253"]
[BlackElo "1345"]
[TimeControl "720+3"]
[EndTime "7:28:15 PDT"]
[Termination "fausto2p ha vinto per abbandono"]

1. d4 d5 2. c4 e5 3. dxe5 d4 4. Nf3 Nc6 5. Nbd2 Bg4 6. Nb3 Nge7 7. Nbxd4 Bxf3 8. Nxf3 Qxd1+ 9. Kxd1 O-O-O+ 10. Bd2 Ng6 11.
Kc2 Ngxe5 12. Nxe5 Nxe5 13. e3 Be7 14. Be2 h5 15.
Rad1 Bf6 16. h3 Rd7 17. f4 Nc6 18. Bc3 Bxc3 19. Kxc3 Re7 20. Rd3 Rhe8 21. Re1 Rxe3 22. Rxe3 Rxe3+ 23. Kd2 Re4 24. Bg4+ hxg4 25. Rxe4 f5 26. Re5 Nxe5 27. fxe5 Kd7 28. Ke3 Ke6 29. Kf4 g6 30. hxg4 fxg4 31. Kxg4 Kxe5 32. Kg5 Ke4 33.
Kxg6 Kd4 34. b3 Kc3 35. g4 Kb2 36. Kf6 Kxa2 37. Ke5 Kxb3 38. Kd5 a5 39. g5 a4 40. g6 a3 41. g7 a2 42. g8=Q a1=Q 43. Qg3+ Qc3 44.
Qxc7 Qxc4+ 45. Qxc4+ 1-0

[Event "Sabato rapido!"]
[Site "Chess.com"]
[Date "2020.06.13"]
[Round "4"]
[White "sergiodone"]
[Black "malberici"]
[Result "0-1"]
[WhiteElo "1512"]
[BlackElo "1374"]
[TimeControl "720+3"]
[EndTime "7:37:05 PDT"]
[Termination "malberici ha vinto per abbandono"]

1. e4 Nf6 2. e5 Nd5 3. c4 Nb6 4.
c5 Nd5 5. d4 d6 6. cxd6 exd6 7.
Nc3 dxe5 8. Nf3 exd4 9. Nxd4 c6 10. Be2 Bb4 11. O-O Nxc3 12. bxc3 Bxc3 13. Be3 Bxa1 14. Qxa1 O-O 15. Rd1 Qf6 16. Qb1 Nd7 17. Nf3 Ne5 18. Bd4 Nxf3+ 19. Bxf3 Qf5 20. Qb2 f6 21. h3 Qb5 22. Qc3 Be6 23. Ra1 Qg5 24.
Be3 Qe5 25. Bd4 Qc7 26. a4 a6 27. a5 Rad8 28. Bb6 Qd7 29. Bxd8 Rxd8 30. Kh2 Qd6+ 31.
g3 Qd4 32. Qxd4 Rxd4 33. Rb1 Rd3 34. Bg2 Rb3 35. Re1 Bd5 36. Re7 Bxg2 37. Kxg2 c5 38. Rc7 Rb5 39. h4 Rxa5 40. Rxb7 Rb5 41. Rc7 a5 42.
Kf1 a4 43. Ra7 Rb4 44. Ke1 c4 45. Kd2 Rb2+ 46. Kc3 Rxf2 47. Kxc4 Rf3 48. Kd5 Rxg3 49. Rxa4 h6 50. Ke6 Re3+ 51. Kf5 Kh7 52. Ra7 Re5+ 53. Kg4 Kg6 54. Rb7 f5+ 55. Kf4 Re4+ 56. Kg3 Kf6 57. Ra7 g5 58. hxg5+ hxg5 59. Ra6+ Re6 60. Ra8 g4 61. Ra7 Kg5 62. Ra5 Re3+ 63. Kg2 Rf3 64. Rb5 Kh4 65. Rb8 Rg3+ 66. Kh2 Rf3 67. Kg2 Kg5 68. Rb5 Re3 69. Ra5 g3 70. Rb5 Kg4 71.
Rb8 Re2+ 72. Kg1 f4 73. Rb4 Kh3 74. Rxf4 Re1+ 75. Rf1 Rxf1+ 76. Kxf1 Kh2 0-1

[Event "Sabato rapido!"]
[Site "Chess.com"]
[Date "2020.06.13"]
[Round "4"]
[White "mr6701"]
[Black "APipitone"]
[Result "1-0"]
[WhiteElo "1857"]
[BlackElo "1668"]
[TimeControl "720+3"]
[EndTime "7:37:52 PDT"]
[Termination "mr6701 ha vinto per tempo"]

1. e4 c5 2. d4 cxd4 3. c3 Nc6 4. cxd4 d6 5. Nf3 e6 6. Nc3 g6 7. d5 Nb8 8. Bb5+ Bd7 9. dxe6 fxe6 10. Nd4 Nc6 11. O-O Nf6 12. Bg5 Be7 13. Bh6 Kf7 14. Kh1 a6 15. Bc4 Qc7 16. Rc1 Ne5 17. Bxe6+ Bxe6 18. Nd5 Nxd5 19. Rxc7 Nxc7 20. Nxe6 Nxe6 21. f4 Nc6 22. f5 Ned4 23. Be3 Bf6 24. fxg6+ Kxg6 25. Qg4+ Kf7 26. Qf4 Rhf8 27. Bxd4 Nxd4 28. e5 dxe5 29. Qxe5 Kg6 30. Qe4+ Kg7 31. h4 Rae8 32. Qxb7+ Kh8 33. Qxa6 Bxh4 34. b4 Rxf1+ 35. Qxf1 Re1 36. Qxe1 Bxe1 37. a3 Kg7 38. b5 Nxb5 39. a4 Nc3 40. a5 Nb5 41. a6 Bf2 42. g4 Kg6 43. Kg2 Bd4 44. Kf3 Kg5 45. Kg3 Be5+ 46. Kf3 Bb8 47. Kg2 Kxg4 48.
Kf2 h5 49. Kg1 h4 50. Kh1 h3 51. Kg1 Ba7+ 52. Kh1 Bb8 53. Kg1 Kf3 54. Kh1 Na7 55.
Kg1 Nb5 56. Kh1 Nd4 57. Kg1 Ne2+ 58. Kh1 Ba7 59. Kh2 Kg4 60. Kh1 1-0